The Weebest, lawful male human Samurai ... ---.... ----- ........ ...... ..(..... ...--- .......-- .....| .........| -...-- -.........----...| ---....>.....f@....---- ....(.................| --*...................-- |...........(.....))...|--- ---..............%.<--.|..-- --.--..|..........||.....| ---------.|.....-----..-- --.|.-- ---- --- The Weebest the Ninja Experience level: 7 Strength: 17 Dexterity: 15 Constitution: 18 Intelligence: 11 Wisdom: 9 Charisma: 7 Health: 0(67) Energy: 28(28) AC: 1 Gold: 32 Moves: 2091 Your Inventory: Coins $ - 32 gold pieces Weapons a - an uncursed very corroded +0 katana (weapon in hand) b - an uncursed +3 wakizashi (alternate weapon; not wielded) c - an uncursed +0 yumi d - 41 uncursed +0 ya (in quiver) Armor e - an uncursed rustproof +0 splint mail (being worn) q - a [blessed] +0 orcish helm (being worn) D - an [uncursed] +0 pair of iron shoes (being worn) Comestibles t - an [uncursed] eucalyptus leaf z - 3 [uncursed] gunyoki Potions f - an [uncursed] clear potion [of water] g - a cursed potion of blindness h - an [uncursed] amber potion [of full healing] m - a cursed potion of object detection o - a [cursed] clear potion [of unholy water] u - an [uncursed] yellow potion [of healing] w - an [uncursed] potion of object detection Rings i - an uncursed ring of conflict j - an uncursed ring of free action (on right hand) Tools p - an [uncursed] osaku C - an [uncursed wax] candle E - an [uncursed] bag of tricks [0:10] F - an [uncursed oil] lamp Spells known in the end: Name Level Category Fail Memory Your skills at the end: Fighting Skills martial arts [Basic / Master] Weapon Skills short sword [Basic / Expert] long sword [Basic / Expert] bow [Basic / Expert] Spellcasting Skills Final Attributes: You were devoutly aligned. Hunger level was 147. Your alignment was 19 / 20. Monster difficulty range was 0 - 6. Level difficulty was 5. You were immune to sleep. You resisted poison. You were hallucinating. You were fast. You had free action. Your luck was zero. You are dead. Vanquished creatures: a violet fungus 2 gnome lords a giant ant a little dog a dwarf 5 hill orcs 3 giant rats a yellow mold a green mold 27 gnomes 8 garter snakes 6 jackals 6 goblins a sewer rat 4 grid bugs a bat 2 lichens 2 kobold zombies a newt and a partridge in a pear tree 74 creatures vanquished. Voluntary challenges: You were an atheist. You used a wielded weapon 81 times. You read items or engraved 3 times. You put on armor 3 times. You never genocided any monsters. You never polymorphed an object. You never changed form. You used no wishes. You never wrote Elbereth's name. You never encountered a bones level. You never used any Sokoban shortcuts. Dungeon overview: The Dungeons of Doom: levels 1 to 4 Level 1 a long staircase Level 3 a general store Level 4 a fountain stairs to The Gnomish Mines The Gnomish Mines: levels 5 to 7 Level 5 <- You were here stairs to The Dungeons of Doom Level 7 a temple, a magic chest, a fountain History has recorded: On T:1 you entered the Dungeons of Doom to retrieve the Amulet of Yendor! On T:349 you reached level 2 of The Dungeons of Doom. On T:537 you reached level 3 of The Dungeons of Doom. On T:571 you advanced to experience level 2. On T:623 you advanced to experience level 3. On T:762 you advanced to experience level 4. On T:858 you reached level 4 of The Dungeons of Doom. On T:995 you advanced to experience level 5. On T:1167 you reached level 1 of The Gnomish Mines. On T:1325 you advanced to experience level 6. On T:1343 you reached level 2 of The Gnomish Mines. On T:1552 you reached level 3 of The Gnomish Mines. On T:1587 you advanced to experience level 7. Latest messages: The lernaean hydra swings her crossbow. The tengu just misses! The panther misses. You are getting the munchies. The sock mole swings her crossbow. The doppelganger hits! The vampire bat kicks! The flesh golem swings her crossbow. The yeek hits! The hologram kicks! [HP-16=25] The prophylactic worm swings her crossbow. The amphitere hits! The bohrbug just misses! [HP-3=22] [HP+1=23] The pie fiend swings her crossbow. The barfed devil hits! The rope golem kicks! The raven swings her crossbow. The barrow wight misses. The tiger kicks! [HP-14=9] The baby balky dragon swings her crossbow. The heisenbug hits! The winter wolf cub kicks! You die... Final status: Sayonara The Weebest the Samurai... You died in The Gnomish Mines on dungeon level 5 with 1691 points, and 32 pieces of gold, after 2091 moves. You were level 7 with a maximum of 67 hit points when you died.